BSA
SO CAL HENVY @ IRVINE GANG GREEN
10/03/2027
 
TOP OF THE 1ST
So Cal Henvy batting - Pitching for Irvine Gang Green : RHP Cris Rincón
Pitching: RHP Cris Rincón
Batting: RHB William Richardson 0-0: Called Strike
0-1: Ground out 4-3 (Groundball, 4)
Batting: LHB Doyle Otterburn 0-0: Ground out U3 (Groundball, 3)
Batting: RHB Earl Wiggins 0-0: DOUBLE (Flyball, 78M)
Batting: LHB José Antonio Santiago 0-0: Ball
1-0: Swinging Strike
1-1: Ball
2-1: Ground out 3-1 (Groundball, 34)
Top of the 1st over - 0 run(s), 1 hit(s), 0 error(s), 1 left on base; So Cal 0 - Irvine 0
BOTTOM OF THE 1ST
Irvine Gang Green batting - Pitching for So Cal Henvy : RHP Juan González
Pitching: RHP Juan González
Batting: LHB Jesús Campos 0-0: Called Strike
0-1: Ball
1-1: Swinging Strike
1-2: Ground out 4-3 (Groundball, 4M)
Batting: LHB Tony Tavárez 0-0: Ball
1-0: Ground out 6-3 (Groundball, 6)
Batting: LHB Jorge Martínez 0-0: Foul Ball, location: 2F
0-1: Ball
1-1: Swinging Strike
1-2: Foul Ball, location: 2F
1-2: Ground out 4-3 (Groundball, 4)
Bottom of the 1st over - 0 run(s), 0 hit(s), 0 error(s), 0 left on base; So Cal 0 - Irvine 0
TOP OF THE 2ND
So Cal Henvy batting - Pitching for Irvine Gang Green : RHP Cris Rincón
Batting: LHB César Valentín 0-0: Ball
1-0: Ball
2-0: Ball
3-0: Called Strike
3-1: Base on Balls
Batting: RHB Rubén Calderón 0-0: Called Strike
0-1: Called Strike
0-2: Grounds into double play, 6-4-3 (Groundball, 6M)
Batting: RHB Lawrence Schroeder 0-0: Ground out 6-3 (Groundball, 6MD)
Top of the 2nd over - 0 run(s), 0 hit(s), 0 error(s), 0 left on base; So Cal 0 - Irvine 0
BOTTOM OF THE 2ND
Irvine Gang Green batting - Pitching for So Cal Henvy : RHP Juan González
Batting: LHB Víctor Quiñones 0-0: Foul Ball, location: 2F
0-1: Ball
1-1: Ball
2-1: Fly out, F4 (Flyball, 4MD)
Batting: RHB Eichiro Yamamoto 0-0: Ball
1-0: Ball
2-0: Called Strike
2-1: Foul Ball, location: 2F
2-2: SINGLE (Flyball, 78S)
Batting: LHB Leonardo Medina 0-0: Ball
1-0: Ball
2-0: Ball
3-0: Called Strike
3-1: Ground out 3-1 (Groundball, 3)
Eichiro Yamamoto to second
Batting: RHB José Salazar 0-0: Called Strike
0-1: Called Strike
0-2: Ball
1-2: Ball
2-2: Ball
3-2: Foul Ball, location: 2F
3-2: Strikes out swinging
Bottom of the 2nd over - 0 run(s), 1 hit(s), 0 error(s), 1 left on base; So Cal 0 - Irvine 0
TOP OF THE 3RD
So Cal Henvy batting - Pitching for Irvine Gang Green : RHP Cris Rincón
Batting: SHB Miguel González 0-0: Ball
1-0: Ball
2-0: Called Strike
2-1: Foul Ball, location: 2F
2-2: Ball
3-2: Base on Balls
Batting: RHB Morgan Gibbon 0-0: Ball
1-0: Grounds into double play, 6-4-3 (Groundball, 6)
Batting: RHB William Richardson 0-0: Ball
1-0: Ball
2-0: Ball
3-0: Called Strike
3-1: Fly out, F8 (Flyball, 8RM)
Top of the 3rd over - 0 run(s), 0 hit(s), 0 error(s), 0 left on base; So Cal 0 - Irvine 0
BOTTOM OF THE 3RD
Irvine Gang Green batting - Pitching for So Cal Henvy : RHP Juan González
Batting: RHB Raúl Salas 0-0: Ball
1-0: Ball
2-0: Called Strike
2-1: Ball
3-1: Ground out 5-3 (Groundball, 5L)
Batting: RHB Ronnie Brown 0-0: Ball
1-0: Ball
2-0: Called Strike
2-1: Reached on error, E6 (Groundball, 56)
Batting: LHB Jesús Campos 0-0: Called Strike
0-1: Ball
1-1: Foul Ball, location: 2F
1-2: Ball
2-2: Foul Ball, location: 2F
2-2: Strikes out swinging
Batting: LHB Tony Tavárez 0-0: Ball
1-0: Fielders Choice at 2nd, 6-4 (Groundball, 6)
Bottom of the 3rd over - 0 run(s), 0 hit(s), 1 error(s), 0 left on base; So Cal 0 - Irvine 0
TOP OF THE 4TH
So Cal Henvy batting - Pitching for Irvine Gang Green : RHP Cris Rincón
Batting: LHB Doyle Otterburn 0-0: Ball
1-0: Called Strike
1-1: Ball
2-1: Foul Ball, location: 2F
2-2: Foul Ball, location: 2F
2-2: Foul Ball, location: 2F
2-2: Ground out 1-3 (Groundball, 13S)
Batting: RHB Earl Wiggins 0-0: Ball
1-0: Ball
2-0: Fly out, F9 (Flyball, 9LSF)
Batting: LHB José Antonio Santiago 0-0: Ball
1-0: DOUBLE (Flyball, 7LM)
Pitching: RHP Cristóbal Gómez
Batting: LHB César Valentín 0-0: Ball
1-0: Ball
2-0: Foul Ball, location: 2F
2-1: Ball
3-1: DOUBLE (Flyball, 78D)
José Antonio Santiago scores
Batting: RHB Rubén Calderón 0-0: Fly out, F7 (Flyball, 78XD)
Top of the 4th over - 1 run(s), 2 hit(s), 0 error(s), 1 left on base; So Cal 1 - Irvine 0
BOTTOM OF THE 4TH
Irvine Gang Green batting - Pitching for So Cal Henvy : RHP Juan González
Batting: LHB Jorge Martínez 0-0: Ball
1-0: Ball
2-0: Ball
3-0: Base on Balls
Batting: LHB Víctor Quiñones 0-0: Foul Ball, location: 2F
0-1: Ball
1-1: Swinging Strike
1-2: Strikes out looking
Batting: RHB Eichiro Yamamoto 0-0: Ball
1-0: Ball
2-0: 2-RUN HOME RUN (Flyball, 7LD), Distance : 408 ft
Batting: LHB Leonardo Medina 0-0: Ball
1-0: Swinging Strike
1-1: Swinging Strike
1-2: Ball
2-2: Strikes out swinging
Batting: RHB José Salazar 0-0: Fly out, F8 (Flyball, 8LM)
Bottom of the 4th over - 2 run(s), 1 hit(s), 0 error(s), 0 left on base; So Cal 1 - Irvine 2
TOP OF THE 5TH
So Cal Henvy batting - Pitching for Irvine Gang Green : RHP Cristóbal Gómez
Batting: RHB Lawrence Schroeder 0-0: DOUBLE (Flyball, 89D) - OUT at third base trying to stretch hit.
Batting: SHB Miguel González 0-0: Foul Ball, location: 2F
0-1: Ball
1-1: Called Strike
1-2: Ball
2-2: Foul Ball, location: 2F
2-2: Ball
3-2: Base on Balls
Batting: RHB Morgan Gibbon 0-0: Called Strike
0-1: Ball
1-1: Swinging Strike
1-2: Fly out, F8 (Flyball, 8LS)
Batting: RHB William Richardson 0-0: Foul Ball, location: 2F
0-1: Called Strike
0-2: Strikes out swinging
Top of the 5th over - 0 run(s), 1 hit(s), 0 error(s), 1 left on base; So Cal 1 - Irvine 2
BOTTOM OF THE 5TH
Irvine Gang Green batting - Pitching for So Cal Henvy : RHP Juan González
Batting: RHB Raúl Salas 0-0: Ball
1-0: SINGLE (Flyball, 8LS)
Batting: RHB Ronnie Brown 0-0: Called Strike
0-1: Grounds into double play, 5-4-3 (Groundball, 56)
Batting: LHB Jesús Campos 0-0: Foul Ball, location: 2F
0-1: Swinging Strike
0-2: Ball
1-2: Ball
2-2: SINGLE (Flyball, 89S)
Batting: LHB Tony Tavárez 0-0: Foul Ball, location: 2F
0-1: Ball
1-1: Called Strike
1-2: Strikes out swinging
Bottom of the 5th over - 0 run(s), 2 hit(s), 0 error(s), 1 left on base; So Cal 1 - Irvine 2
TOP OF THE 6TH
So Cal Henvy batting - Pitching for Irvine Gang Green : RHP Cristóbal Gómez
Batting: LHB Doyle Otterburn 0-0: Foul Ball, location: 2F
0-1: Ground out U3 (Groundball, 3L)
Batting: RHB Earl Wiggins 0-0: Swinging Strike
0-1: Fly out, F9 (Flyball, 89S)
Batting: LHB José Antonio Santiago 0-0: Foul Ball, location: 2F
0-1: Foul Ball, location: 2F
0-2: Ball
1-2: Ball
2-2: Strikes out swinging
Top of the 6th over - 0 run(s), 0 hit(s), 0 error(s), 0 left on base; So Cal 1 - Irvine 2
BOTTOM OF THE 6TH
Irvine Gang Green batting - Pitching for So Cal Henvy : RHP Juan González
Batting: LHB Jorge Martínez 0-0: Called Strike
0-1: Foul Ball, location: 2F
0-2: SINGLE (Groundball, 56D)
Batting: LHB Víctor Quiñones 0-0: Foul Ball, location: 2F
0-1: Grounds into double play, 4-6-3 (Groundball, 4)
Batting: RHB Eichiro Yamamoto 0-0: Swinging Strike
0-1: Ball
1-1: Ball
2-1: Foul Ball, location: 2F
2-2: Ball
3-2: Foul Ball, location: 2F
3-2: Foul Ball, location: 2F
3-2: Foul Ball, location: 2F
3-2: Ground out 3-1 (Groundball, 34S)
Bottom of the 6th over - 0 run(s), 1 hit(s), 0 error(s), 0 left on base; So Cal 1 - Irvine 2
TOP OF THE 7TH
So Cal Henvy batting - Pitching for Irvine Gang Green : RHP Cristóbal Gómez
Pitching: LHP Santiago González
Now at 1B: Rich Ruffin
Batting: LHB César Valentín 0-0: Ball
1-0: Swinging Strike
1-1: Foul Ball, location: 2F
1-2: Strikes out swinging
Pitching: RHP Kuang-yin Yue
Batting: RHB Rubén Calderón 0-0: Ball
1-0: Ball
2-0: Called Strike
2-1: Ball
3-1: Base on Balls
Batting: RHB Lawrence Schroeder 0-0: Called Strike
0-1: Foul Ball, location: 2F
0-2: Ball
1-2: Fly out, F9 (Line Drive, 89M)
Batting: SHB Miguel González 0-0: Called Strike
Rubén Calderón steals 2nd base
0-1: Foul Ball, location: 2F
0-2: Ball
1-2: Foul Ball, location: 2F
1-2: Ball
2-2: Foul Ball, location: 2F
2-2: Foul Ball, location: 2F
2-2: Ball
3-2: Ground out 6-3 (Groundball, 6)
Top of the 7th over - 0 run(s), 0 hit(s), 0 error(s), 1 left on base; So Cal 1 - Irvine 2
BOTTOM OF THE 7TH
Irvine Gang Green batting - Pitching for So Cal Henvy : RHP Juan González
Pitching: LHP Keith Swanson
Batting: LHB Leonardo Medina 0-0: Ball
1-0: Called Strike
1-1: Called Strike
1-2: Ball
2-2: Strikes out swinging
Batting: RHB José Salazar 0-0: Ball
1-0: SINGLE (Flyball, 8LS)
Batting: RHB Raúl Salas 0-0: Called Strike
0-1: Called Strike
0-2: SINGLE (Groundball, 6MD)
José Salazar to second
Runner from 2nd tries for 3rd, SAFE, throw made to third
Batting: RHB Ronnie Brown 0-0: Ball
1-0: Ball
2-0: Ball
3-0: Swinging Strike
3-1: Fly out, F5 (Popup, 56)
Batting: LHB Jesús Campos 0-0: Ball
1-0: Ball
2-0: Fly out, F7 (Flyball, 7LM)
Bottom of the 7th over - 0 run(s), 2 hit(s), 0 error(s), 2 left on base; So Cal 1 - Irvine 2
TOP OF THE 8TH
So Cal Henvy batting - Pitching for Irvine Gang Green : RHP Kuang-yin Yue
Batting: RHB Morgan Gibbon 0-0: Called Strike
0-1: Ball
1-1: DOUBLE (Flyball, 89M)
Batting: RHB William Richardson 0-0: Ball
1-0: Ground out 4-3 (Groundball, 4)
Morgan Gibbon to third
Batting: LHB Doyle Otterburn 0-0: Ball
1-0: Ball
2-0: Ball
3-0: Base on Balls
Batting: RHB Earl Wiggins 0-0: Called Strike
0-1: Ball
1-1: Foul Ball, location: 2F
1-2: Strikes out swinging
Batting: LHB José Antonio Santiago 0-0: Called Strike
0-1: Foul Ball, location: 2F
0-2: Ball
1-2: Foul Ball, location: 2F
1-2: Strikes out swinging
Top of the 8th over - 0 run(s), 1 hit(s), 0 error(s), 2 left on base; So Cal 1 - Irvine 2
BOTTOM OF THE 8TH
Irvine Gang Green batting - Pitching for So Cal Henvy : LHP Keith Swanson
Batting: LHB Tony Tavárez 0-0: Called Strike
0-1: Ball
1-1: Ball
2-1: Ball
3-1: Called Strike
3-2: Fly out, F7 (Flyball, 7)
Batting: LHB Jorge Martínez 0-0: Called Strike
0-1: Ball
1-1: Ball
2-1: Foul Ball, location: 2F
2-2: Fly out, F4 (Flyball, 34D)
Batting: RHB Rich Ruffin 0-0: Ball
1-0: Ground out 5-3 (Groundball, 56D)
Bottom of the 8th over - 0 run(s), 0 hit(s), 0 error(s), 0 left on base; So Cal 1 - Irvine 2
TOP OF THE 9TH
So Cal Henvy batting - Pitching for Irvine Gang Green : RHP Kuang-yin Yue
Pitching: LHP Yu-shu Kong
Batting: LHB César Valentín 0-0: Called Strike
0-1: Ball
1-1: Foul Ball, location: 2F
1-2: Fly out, F7 (Line Drive, 7D)
Batting: RHB Rubén Calderón 0-0: Ball
1-0: Foul Ball, location: 2F
1-1: Ball
2-1: Ball
3-1: Base on Balls
Batting: RHB Lawrence Schroeder 0-0: Ball
1-0: Fly out, F8 (Flyball, 8RM)
Batting: SHB Miguel González 0-0: SINGLE (Groundball, 3D)
Rubén Calderón to second
Runner from 2nd tries for 3rd, SAFE, throw made to third
Miguel González to second
Batting: RHB Morgan Gibbon 0-0: Fly out, F8 (Line Drive, 78D)
Top of the 9th over - 0 run(s), 1 hit(s), 0 error(s), 2 left on base; So Cal 1 - Irvine 2
Thursday, March 30th, 2017 - OOTP Baseball 17.12 Build 75